 Dungeon Crawl Stone Soup version 0.23.2-1-ga50397a (webtiles) character file.

Game seed: 13819834079264204625

158 funkygono the Conjurer (level 5, -1/31 HPs)
             Began as an Octopode Conjurer on May 31, 2019.
             Slain by an orc wizard
             ... wielding a +0 dagger
              (4 damage)
             ... on level 3 of the Dungeon.
             The game lasted 00:07:59 (3201 turns).

funkygono the Conjurer (Octopode Conjurer)          Turns: 3201, Time: 00:08:00

Health: -1/31      AC:  1    Str:  7    XL:     5   Next: 40%
Magic:  0/9        EV: 13    Int: 18    God:
Gold:   80         SH:  0    Dex: 13    Spells: 4/10 levels left

rFire    . . .     SeeInvis .   d - +1 club
rCold    . . .     Gourm    .   (no shield)
rNeg     . . .     Faith    .   (helmet restricted)
rPois    .         Spirit   .   (no amulet)
rElec    .         Reflect  .   (no ring)
rCorr    .         Harm     .   (no ring)
MR       .....                  (no ring)
Stlth    +++.......             (no ring)
HPRegen  0.10/turn              (no ring)
MPRegen  0.11/turn              (no ring)
                                (no ring)
                                (no ring)

@: no status effects
A: almost no armour, stealthy swim, amphibious, 8 rings, constrict 8, camouflage
1, gelatinous body 1
a: no special abilities


You were on level 3 of the Dungeon.
You were not hungry.

You visited 1 branch of the dungeon, and saw 3 of its levels.

You collected 80 gold pieces.

Inventory:

Hand Weapons
 d - a +1 club (weapon)
Missiles
 k - 92 stones (quivered)
Wands
 c - a wand of flame (25)
Scrolls
 f - a scroll of blinking {unknown}
 g - a scroll of fear
Potions
 e - a potion of mutation
Comestibles
 a - 8 chunks of flesh
 b - 2 rations


   Skills:
 + Level 0.5 Maces & Flails
 + Level 2.0 Dodging
 + Level 3.4 Stealth
 * Level 3.2 Spellcasting
 * Level 5.5 Conjurations


You had 4 spell levels left.
You knew the following spells:

 Your Spells              Type           Power        Failure   Level  Hunger
a - Magic Dart            Conj           ###.         1%          1    None
b - Searing Ray           Conj           ###...       2%          2    ##.....
c - Dazzling Spray        Conj/Hex       ##....       16%         3    ###....

Your spell library contained the following spells:

 Spells                   Type           Power        Failure   Level  Hunger
 Iskenderun's Mystic Bla  Conj           ###.....     17%         4    ####...
 Force Lance              Conj/Tloc      ##......     45%         4    ####...
 Fulminant Prism          Conj/Hex       ##........   45%         4    ####...


Dungeon Overview and Level Annotations

Branches:
Dungeon (3/15)

Altars:
Zin


Innate Abilities, Weirdness & Mutations

You cannot wear most types of armour.
You are very stealthy in the water. (Stealth+)
You are amphibious.
You can wear up to eight rings at the same time.
You can use your tentacles to constrict eight enemies at once.
Your skin changes colour to match your surroundings (Stealth+).
Your rubbery body absorbs attacks. (AC +1, EV +1)


Message History

Okay, then.
Casting: Searing Ray (safe; 2% risk of failure)
Confirm with . or Enter, or press ? or * to list all spells.
Aiming: Searing Ray (safe; 2% risk of failure)
Press: ? - help, Shift-Dir - straight line, f/p - orc wizard
Aim: an orc wizard, wielding a +0 dagger and wearing a +0 robe (moderately wounded, fast)
The searing ray hits the orc wizard.
The orc wizard is heavily wounded. (Press . to maintain the ray.)
The orc wizard closely misses you.
The searing ray hits the orc wizard.
The orc wizard is almost dead.
The orc wizard hits you but does no damage.
The orc wizard closely misses you.
Without enough magic to sustain it, your searing ray dissipates.
The orc wizard mumbles some strange words.
The orc wizard flickers and vanishes!
Deactivating autopickup; reactivate with Ctrl-A.
Something hits you.
You die...

##.# ############ ######....
#..........# #.o......o
#.##รท#.###.#########.#
#....#
#.##.#.###.#.......#.###.....
#.##....##.#.##....o.........
#.......##.#.##.##.#>...)..##
#.............).##.#.........
#.##.......#@#####.#.......##
#.##.##.####.{.....###.#####
#.##.##.# ######### #.#
#.##.##.# #.# #.......# ..#
#......)# ... #.##.#..# #.
#.#..# #.##.#..#


There were no monsters in sight!

Vanquished Creatures
  An orc priest (D:2)
  Terence (D:2)
  An adder (D:2)
  A river rat (D:3)
  An ooze (D:2)
  2 worms (D:2)
  A dart slug (D:1)
  3 leopard geckos
  8 orcs
  3 bats
  2 giant cockroaches (D:2)
  10 goblins
  10 hobgoblins
  3 jackals (D:2)
  A frilled lizard (D:3)
  6 kobolds
  8 rats
62 creatures vanquished.

Notes
Turn   | Place    | Note
-------+----------+-------------------------------------------
     0 | D:1      | funkygono the Octopode Conjurer began the quest for the
                  | Orb.
     0 | D:1      | Reached XP level 1. HP: 11/11 MP: 3/3
   263 | D:1      | Reached XP level 2. HP: 17/17 MP: 1/5
   273 | D:1      | Learned a level 2 spell: Searing Ray
   921 | D:2      | Reached XP level 3. HP: 21/21 MP: 2/6
  1470 | D:2      | HP: 1/21 [adder (1)]
  1472 | D:2      | Reached skill level 5 in Conjurations
  1472 | D:2      | Reached XP level 4. HP: 18/27 MP: 0/7
  1769 | D:2      | Noticed Terence
  1790 | D:2      | Killed Terence
  1932 | D:2      | Reached XP level 5. HP: 31/31 MP: 0/9
  1941 | D:2      | Learned a level 3 spell: Dazzling Spray
  2048 | D:2      | Found a glowing silver altar of Zin.
  2048 | D:2      | Noticed an angel
  2545 | D:3      | HP: 1/31 [something (4)]
  2547 | D:3      | Found a glowing drain.
  3201 | D:3      | Slain by an orc wizard

Skill      XL: |  1  2  3  4  5 |
---------------+----------------+-----
Stealth        | 3 |  3.4
Conjurations   | 5 |  5.5
Spellcasting   | 3 |  3.2
Maces & Flails | |  0.5
Dodging        | |  2.0

Action                   |  1- 3 |  4- 6 || total
-------------------------+-------+-------++-------
Melee: Club              |    13 |    32 ||    45
       Tentacles         |     1 |     1 ||     2
       Constrict         |     1 |     3 ||     4
 Cast: Magic Dart        |    56 |    48 ||   104
       Searing Ray       |     5 |     9 ||    14
       Dazzling Spray    |       |     1 ||     1
  Use: Scroll            |     4 |     5 ||     9
       Potion            |     1 |     4 ||     5
  Eat: Chunk             |     2 |     4 ||     6
       Ration            |       |     1 ||     1
Armor: Skin              |       |    10 ||    10
Dodge: Dodged            |    24 |    25 ||    49
